 Dungeon Crawl Stone Soup version 0.31-a0-1570-g93c622d222 (webtiles) character file.

Game seed: 15193419402949521367

1241 MackTheKnife the Slicer (level 8, -3/64 HPs)
             Began as a Vine Stalker Berserker on Jan 3, 2024.
             Was a Priest of Trog.
             Slain by an orc warrior
             ... wielding a +0 battleaxe
              (10 damage)
             ... on level 8 of the Dungeon.
             The game lasted 00:06:25 (2127 turns).

MackTheKnife the Slicer (Vine Stalker Berserker)    Turns: 2127, Time: 00:06:26

Health: -3/64      AC: 24    Str: 21    XL:     8   Next: 49%
Magic:  0/9        EV:  2    Int:  7    God:    Trog [***...]
Gold:   245        SH:  0    Dex: 21    Spells: 7/7 levels left

rFire   . . .        e - +1 dagger (venom) {short}
rCold   . . .        (no shield)
rNeg    . . .        v - melded +2 ring mail {rF+}
rPois   +            (helmet currently unavailable)
rElec   .            (cloak currently unavailable)
rCorr   .            (gloves currently unavailable)
SInv    .            (boots currently unavailable)
Will    +....        (no amulet)
Stlth   +++          c - +6 ring of dexterity
HPRegen 1.10/turn    (no ring)
MPRegen 0.11/turn

%: guardian spirit
@: lethally poisoned (-3 -> -3), tree-form
A: stationary, stasis, torment immunity, boosted hp, (fangs 3), regeneration 1,
magic shield, (antimagic bite), no potion heal 2
a: Renounce Religion, Berserk, Trog's Hand


You were on level 8 of the Dungeon.
You worshipped Trog.
Trog was most pleased with you.
You were a tree.
You visited 1 branch of the dungeon, and saw 8 of its levels.

You collected 245 gold pieces.


Innate Abilities, Weirdness & Mutations

You are a tree.
Your roots penetrate the ground, keeping you stationary.
You cannot be teleported.
You are immune to unholy pain and torment.
Your maximum health is greatly increased.
Your equipment is partially melded.
((You have razor-sharp teeth.))
Your natural rate of healing is unusually fast.
When hurt, damage is shared between your health and your magic reserves.
((Your bite disrupts and absorbs the magic of your enemies.))
Potions cannot restore your health.


   Skills:
 - Level 5.0 Fighting
 + Level 8.2 Short Blades
 - Level 1.5 Armour
 - Level 1.5 Dodging
 - Level 3.0 Stealth


You had 7 spell levels left.
You didn't know any spells.
Your spell library was empty.

Inventory:

Hand Weapons
 a - a +0 short sword {short}
 e - a +1 dagger of venom (weapon) {short}
   (You took it off a goblin on level 1 of the Dungeon)
Missiles
 m - 2 throwing nets {=f!fthrowing}
 o - 9 poisoned darts (quivered) {throwing}
Armour
 v - a +2 ring mail of fire resistance (melded)
   (You took it off an orc on level 7 of the Dungeon)
Jewellery
 c - a +6 ring of dexterity (left branch)
   (You found it on level 1 of the Dungeon)
 t - a ring of ice
   (You found it on level 5 of the Dungeon)
Wands
 b - a wand of roots (7)
   (You found it on level 7 of the Dungeon)
 k - a wand of flame (35)
   (You found it on level 2 of the Dungeon)
Scrolls
 g - a scroll of torment {unknown}
 i - a scroll of butterflies
 l - a scroll of blinking {!r}
 n - a scroll of poison {!r}
 u - 2 scrolls of vulnerability {!r!r}
 w - a scroll of enchant weapon {unknown}
 x - a scroll of immolation {unknown}
 y - a scroll of enchant armour {unknown}
Potions
 d - a potion of haste {unknown}
 f - 2 potions of lignification {!q}
 h - a potion of ambrosia {unknown}
 j - a potion of mutation {unknown}
 p - 2 potions of heal wounds {unknown}
 q - 2 potions of enlightenment {unknown}
 r - 2 potions of invisibility {unknown}
 s - 2 potions of cancellation {unknown}
 z - a potion of degeneration {unknown}
 A - a potion of resistance {unknown}

Dungeon Overview and Level Annotations

Branches:
Dungeon (8/15) Zot: 26860
 Temple: D:4-7         Lair: D:8-11

Altars:
Hepliaklqana

Annotations:
D:4 Pikel

#...... ######## #.o.... #.......
#...... #....... #..[... #.......
.y..o #....... ## #...#########
####.#.# .###
####...#♣......######.#.# ...
......))o..............>#
.###########...#.##.#...#####.#.#
........# #####....#.#...# #.#.#
........# ######.###.###.#.#
........# #......#...#.#.#
........###### #.#.##.###.#.#.#
...................#.##...#...#.#
........############.####.#####.#


You could see an orc warrior (very poisoned).


Message History

Unknown command.
Aiming: Fastroot
Press: ? - help, Shift-Dir - straight line, f/p - hornet
Aim: a hornet (lightly wounded)
The roots erupt in riotous growth!
Roots grab the hornet.
Roots grab the orc priest.
The grasping roots constrict the orc priest!
The grasping roots constrict the hornet.
The hornet stings you but does no damage.
The hornet stings you!
You feel as though you will be slow longer. 😮 HP[-11] MP[-2]
You take 11 damage, and now have 24/43 hp.
MASSIVE DAMAGE!! (PAUSE)
You lost 2 mp, and now have 5/9 mp.
Unknown command.
You hit the hornet but do no damage.
The hornet is poisoned.
You bite the hornet. You drain its power.
You feel invigorated.
The grasping roots constrict the orc priest.
The grasping roots constrict the hornet.
The hornet stings you.
You feel as though you will be slow longer. 😮 MP[+3]
You regained 3 mp, and now have 8/9 mp.
Unknown command.
You hit the hornet but do no damage.
The hornet looks as sick as possible!
The grasping roots constrict the orc priest.
You kill the orc priest!
Trog accepts your kill.
The grasping roots constrict the hornet.
The roots release their grip on the hornet.
The hornet closely misses you. The hornet stings you!
* * * LOW HITPOINT WARNING * * *
You are poisoned.
You feel as though you will be slow longer. 😨 HP[-5] MP[-2]
You take 5 damage, and now have 19/43 hp.
You lost 2 mp, and now have 6/9 mp.
You hit the hornet.
The hornet looks as sick as possible!
You feel very sick.
You kill the hornet!
Trog accepts your kill.
Your Short Blades skill increases to level 8!
Unknown command. 😨 HP[-3]
You take 3 damage, and now have 16/43 hp.
You closely miss the orc warrior. You bite the orc warrior.
You drain its power.
You feel invigorated.
You feel sick.
The orc warrior hits you with a +0 battleaxe.
* * * LOW HITPOINT WARNING * * *
😨 HP[-2] MP[+1]
You take 2 damage, and now have 14/43 hp.
You closely miss the orc warrior.
You bite the orc warrior, but do no damage.
You feel sick.
Unknown command.
You hit the orc.
You feel yourself speed up.
You feel sick.
The orc warrior hits you with a +0 battleaxe.
* * * LOW HITPOINT WARNING * * *
The orc misses you. 😨 HP[-1] MP[-1]
You take 1 damage, and now have 13/43 hp.
You lost 1 mp, and now have 6/9 mp.
Aiming: Fastroot
Press: ? - help, Shift-Dir - straight line, f - orc warrior
Aim: an orc warrior, wielding a +0 battleaxe and wearing a +0 chain mail The roots erupt in riotous growth!
Roots grab the orc warrior.
Roots grab the orc.
The grasping roots constrict the orc warrior.
The grasping roots constrict the orc.
You feel sick. The orc hits you but does no damage.
The orc warrior hits you with a +0 battleaxe!
* * * LOW HITPOINT WARNING * * *
😱 HP[-5] MP[-2]
You take 5 damage, and now have 8/43 hp.
You lost 2 mp, and now have 4/9 mp.
Unknown command.
Unknown command.
You hit the orc warrior but do no damage.
The orc warrior is poisoned.
Your bite misses the orc warrior.
The grasping roots constrict the orc warrior, but do no damage.
The grasping roots constrict the orc.
You kill the orc!
Trog accepts your kill.
You feel sick.
You turn into a tree.
Your +2 ring mail of fire resistance melds into your body.
You feel less resistant to fire.
Your roots penetrate the ground.
The grasping roots constrict the orc warrior.
You feel sick.
The roots release their grip on the orc warrior.
The orc warrior hits you with a +0 battleaxe!
* * * LOW HITPOINT WARNING * * *
😱 HP[-1] MP[-1]
You now have 64 max hp (+21).
You lost 1 mp, and now have 3/9 mp.
You barely miss the orc warrior.
You feel sick.
The orc warrior hits you with a +0 battleaxe!
You die...

Skill      XL: |  1  2  3  4  5  6  7  8 |
---------------+-------------------------+-----
Stealth        | 1 2 3 |  3.0
Fighting       | 3 5 |  5.0
Short Blades   | 3 4 5 6 7 8 |  8.2
Armour         | |  1.5
Dodging        | |  1.5

Action                     |  1- 3 |  4- 6 |  7- 9 || total
---------------------------+-------+-------+-------++-------
  Melee: Dagger            |    30 |    88 |    89 ||   207
         Bite              |    10 |    27 |    40 ||    77
         Short sword       |     3 |       |       ||     3
         Punch             |     1 |       |       ||     1
  Throw: Dart              |       |     6 |       ||     6
 Invoke: Berserk           |       |       |     1 ||     1
  Evoke: Wand              |       |       |     4 ||     4
    Use: Scroll            |       |     3 |     3 ||     6
         Potion            |       |       |     1 ||     1
   Stab: Sleeping          |     3 |     4 |     1 ||     8
         Distracted        |       |       |     1 ||     1
 Armour: Ring mail         |    14 |    59 |    40 ||   113
         Animal skin       |     2 |       |       ||     2
         Skin              |       |       |     2 ||     2
  Dodge: Dodged            |    10 |    32 |    39 ||    81

Levels and vault maps discovered:
D:1:      grunt_arrival_crossed_arrows, layout_loops_corners,
          grunt_decor_arrowhead
D:2:      layout_rooms
D:3:      layout_loops_cross, nicolae_sif_muna_condensation, uniq_ijyb
D:4:      layout_basic, uniq_pikel
D:5:      layout_loops_ring, nicolae_hepliaklqana_hazy_memory,
          minmay_temple_entry_enclosed_plants
D:6:      layout_cave_pools, mainiacjoe_overflow_alcove_2,
          sigmund_edmund_badplayer, uniq_sigmund, uniq_blork_the_orc,
          uniq_eustachio
D:7:      layout_cave_pools, uniq_prince_ribbit1
D:8:      layout_basic, slow_altar_2, mainiacjoe_overflow_small_starburst,
          serial_shops, nicolae_shop_bloodbath_and_beyond, minmay_ruffians

Notes
Turn   | Place    | Note
-------+----------+-------------------------------------------
     0 | D:1      | MackTheKnife the Vine Stalker Berserker began the quest for
                  | the Orb.
     0 | D:1      | Reached XP level 1. HP: 11/11 MP: 2/2
     0 | D:1      | magus.rc [v1.9.6]
    72 | D:1      | Reached skill level 1 in Stealth
   128 | D:2      | Reached XP level 2. HP: 16/16 MP: 1/3
   198 | D:2      | Reached skill level 3 in Fighting
   198 | D:2      | Reached skill level 3 in Short Blades
   198 | D:2      | Reached skill level 2 in Stealth
   198 | D:2      | Reached XP level 3. HP: 18/20 MP: 4/4
   377 | D:4      | Reached skill level 3 in Stealth
   377 | D:4      | Reached XP level 4. HP: 13/24 MP: 3/5
   438 | D:4      | Reached skill level 4 in Short Blades
   495 | D:5      | Entered Level 5 of the Dungeon
   510 | D:5      | Reached XP level 5. HP: 20/28 MP: 3/6
   975 | D:4      | Noticed Pikel
   975 | D:4      | Noticed a lemure
   977 | D:4      | Noticed a lemure
  1023 | D:5      | Reached skill level 5 in Short Blades
  1031 | D:5      | Reached ** piety under Trog
  1037 | D:5      | Reached XP level 6. HP: 26/32 MP: 4/7
  1453 | D:5      | Found a hazy altar of Hepliaklqana.
  1481 | D:5      | Reached skill level 6 in Short Blades
  1536 | D:5      | Reached XP level 7. HP: 34/37 MP: 6/8
  1551 | D:5      | HP: 9/37 [gnoll/+1 halberd of protection (10)]
  1553 | D:5      | Reached skill level 4 in Fighting
  1557 | D:5      | HP: 8/37 [orc priest/+0 whip (3)]
  1564 | D:5      | HP: 9/37 [poisoned by a scorpion]
  1568 | D:5      | HP: 4/38 [dart slug/slug dart (2)]
  1573 | D:5      | HP: 4/38 [poisoned by a scorpion]
  1652 | D:7      | Reached skill level 5 in Fighting
  1953 | D:7      | Noticed Prince Ribbit
  1966 | D:7      | Killed Prince Ribbit
  1967 | D:7      | Reached skill level 7 in Short Blades
  1967 | D:7      | Gained mutation: You have razor-sharp teeth. [Vine Stalker
                  | growth]
  1967 | D:7      | Reached XP level 8. HP: 30/43 MP: 9/9
  2106 | D:8      | Noticed a hornet
  2119 | D:8      | Reached *** piety under Trog
  2120 | D:8      | Killed a hornet
  2121 | D:8      | Reached skill level 8 in Short Blades
  2124 | D:8      | HP: 8/43 [orc warrior/+0 battleaxe (5)]
  2127 | D:8      | Slain by an orc warrior

Vanquished Creatures
  Prince Ribbit (D:7)
  A hornet (D:8)
  An ogre (D:7)
  2 scorpions (D:5)
  A bombardier beetle (D:5)
  2 hounds
  2 gnoll boudas
  3 orc priests
  3 jellies
  3 orc wizards
  A sleepcap (D:7)
  16 gnolls
  4 adders
  A white imp (D:7)
  An ufetubus (D:6)
  2 dart slugs
  2 ribbon worms (D:2)
  11 orcs
  A ball python (D:4)
  2 giant cockroaches
  A goblin (D:1)
  A hobgoblin (D:1)
  2 frilled lizards
64 creatures vanquished.

Table legend:
 A = Non-vault XP
 B = Vault XP
 C = Vault XP percentage of total XP
 D = Non-vault monster count
 E = Vault monster count
 F = Vault count percentage of total count
                 A         B        C        D         E       F
            +---------+---------+-------+---------+---------+-------
      Total |    1506 |     268 |  15.1 |      63 |       1 |   1.6
            +---------+---------+-------+---------+---------+-------
        D:1 |       9 |       0 |   0.0 |       4 |       0 |   0.0
        D:2 |      38 |       0 |   0.0 |       6 |       0 |   0.0
        D:3 |      16 |       0 |   0.0 |       2 |       0 |   0.0
        D:4 |     117 |       0 |   0.0 |      10 |       0 |   0.0
        D:5 |     606 |       0 |   0.0 |      23 |       0 |   0.0
        D:6 |      91 |       0 |   0.0 |       3 |       0 |   0.0
        D:7 |     327 |     268 |  45.0 |      12 |       1 |   7.7
        D:8 |     302 |       0 |   0.0 |       3 |       0 |   0.0
            +---------+---------+-------+---------+---------+-------

Skill      XL: |  1  2  3  4  5  6  7  8 |
---------------+-------------------------+-----
Stealth        | 1 2 3 |  3.0
Fighting       | 3 5 |  5.0
Short Blades   | 3 4 5 6 7 8 |  8.2
Armour         | |  1.5
Dodging        | |  1.5

Action                     |  1- 3 |  4- 6 |  7- 9 || total
---------------------------+-------+-------+-------++-------
  Melee: Dagger            |    30 |    88 |    89 ||   207
         Bite              |    10 |    27 |    40 ||    77
         Short sword       |     3 |       |       ||     3
         Punch             |     1 |       |       ||     1
  Throw: Dart              |       |     6 |       ||     6
 Invoke: Berserk           |       |       |     1 ||     1
  Evoke: Wand              |       |       |     4 ||     4
    Use: Scroll            |       |     3 |     3 ||     6
         Potion            |       |       |     1 ||     1
   Stab: Sleeping          |     3 |     4 |     1 ||     8
         Distracted        |       |       |     1 ||     1
 Armour: Ring mail         |    14 |    59 |    40 ||   113
         Animal skin       |     2 |       |       ||     2
         Skin              |       |       |     2 ||     2
  Dodge: Dodged            |    10 |    32 |    39 ||    81

Illustrated notes

Table legend:
 A = Kills in this place as a percentage of kills in the entire game.
 B = Kills by you in this place as a percentage of kills by you in the entire game.
 C = Kills by friends in this place as a percentage of kills by friends in the entire game.
 D = Other kills in this place as a percentage of other kills in the entire game.
 E = Experience gained in this place as a percentage of experience gained in the entire game.
 F = Experience gained in this place divided by the number of levels of this place that you have seen.
                   A       B       C       D       E      F
               +-------+-------+-------+-------+-------+----------------------
         Total | 100.0 | 100.0 |   N/A |   N/A | 100.0 | 221.8
       Dungeon | 100.0 | 100.0 |   N/A |   N/A | 100.0 | 221.8
               +-------+-------+-------+-------+-------+----------------------

Table legend: (Time is in decaauts)
 A = Elapsed time spent in this place.
 B = Non-inter-level travel time spent in this place.
 C = Inter-level travel time spent in this place.
 D = Time resting spent in this place.
 E = Time spent auto-exploring this place.
 F = Levels seen in this place.
 G = Mean time per level.
                   A        B        C        D        E       F      G
               +--------+--------+--------+--------+--------+-----+--------+
         Total |   2084 |   1993 |     91 |      0 |    949 |   8 |  260.5 |
       Dungeon |   2084 |   1993 |     91 |      0 |    949 |   8 |  260.5 |
               +--------+--------+--------+--------+--------+-----+--------+

Top non-repeatable levels by time:
     D:4: 638 daAuts
     D:5: 598 daAuts
     D:7: 336 daAuts
     D:8: 138 daAuts
     D:2: 125 daAuts
     D:3: 111 daAuts
     D:1: 106 daAuts
     D:6: 29 daAuts
